 Dungeon Crawl Stone Soup version 0.28.0 (webtiles) character file.

Game seed: 5452376977658742714

461659 RepoMan the Pyromancer (level 23, -21/187 HPs)
             Began as a Mummy Fire Elementalist on Feb 7, 2022.
             Was a High Priest of Ashenzari.
             Demolished by a frost giant (28 damage)
             ... while paralysed by a sphinx
             ... on level 3 of the Depths on Feb 8, 2022.
             The game lasted 08:46:38 (66123 turns).

RepoMan the Pyromancer (Mummy Fire Elementalist)   Turns: 66123, Time: 08:46:38

Health: -21/187    AC: 12    Str: 10    XL:     23   Next: 8%
Magic:  38/57      EV:  2    Int: 46    God:    Ashenzari [*****.]
Gold:   3393       SH:  0    Dex: 13    Spells: 2/65 levels left

rFire   + . .      SeeInvis +   X - staff of fire (curse) {Evo, Elem}
rCold   + . .      Faith    .   N - +0 kite shield "Lashed Prison" {reflect, Fort, Cun} (curse)
rNeg    + + +      Spirit   .   E - +2 robe of the Ensconced Yoke {Archmagi, Elem, Cun} (curse)
rPois   ∞          Reflect  +   z - +2 helmet of the Wild Blue Yonder {Int+3, Elem, Self} (curse)
rElec   +          Harm     .   c - +0 cloak of the Lashed Affliction {Comp, Self} (curse)
rCorr   +          Rampage  .   v - +0 pair of gloves of Ashenzari's Portent {Cun, Evo} (curse)
Will    ++...      Archmagi +   C - +2 pair of boots "Ruined Mistrust" {rC+ rN++ Int+4 Slay-4, Comp, Elem} (curse)
Stlth   +++....... Clarity  +   D - amulet "Wupon" {RegenMP rElec rCorr Str-2 Int+9}
HPRegen 0.41/turn               q - ring "Ensconced With Me" {Fire, Cun, Elem} (curse)
MPRegen 0.75/turn               G - ring "Ehozocs" {rPois rCorr MP+9 Int+6}

@: paralysed, unable to drink, studying Ice Magic
A: cold resistance 1, negative energy resistance 3, torment resistance 2, heat
vulnerability 1, in touch with death 1, no potions
}: 3/15 runes: decaying, slimy, gossamer
a: Renounce Religion, Curse Item, Shatter the Chains


You were on level 3 of the Depths.
You worshipped Ashenzari.
Ashenzari was extremely pleased with you.
You visited 10 branches of the dungeon, and saw 47 of its levels.
You visited 1 bazaar.
You also visited: Bailey, Gauntlet, Ice Cave and Volcano.

You collected 8188 gold pieces.
You spent 4795 gold pieces at shops.

Inventory:

Missiles
 s - 4 silver javelins
 x - 14 curare-tipped darts
Armour
 b - +0 ice dragon scales
 c - the cursed +0 cloak of the Lashed Affliction (worn) {Comp, Self}
   (You took it off a red draconian in a volcano)

   It has a curse which improves the following skills: Companions: Summonings
   and Necromancy.
   Introspection: Fighting and Spellcasting.
 e - +0 fire dragon scales
 p - the +6 chain mail of Ferocious Music {rF+ Int+3}
   (You found it on level 1 of the Depths)

   Int:       It affects your intelligence (+3).
   rF:        It protects you from fire.
 v - the cursed +0 pair of gloves of Ashenzari's Portent (worn) {Cun, Evo}
   (You found it on level 6 of the Dungeon)

   It has a curse which improves the following skills: Cunning: Dodging and
   Stealth.
   Evocations: Evocations.
 w - a +2 robe of resistance
 y - a +0 pair of gloves
 z - the cursed +2 helmet of the Wild Blue Yonder (worn) {Int+3, Elem, Self}
   (You found it on level 8 of the Dungeon)

   It has a curse which improves the following skills: Elements: Fire Magic, Ice
   Magic, Air Magic and Earth Magic.
   Introspection: Fighting and Spellcasting.
 C - the cursed +2 pair of boots "Ruined Mistrust" (worn) {rC+ rN++ Int+4 Slay-4, Comp, Elem}
   (You found it on level 3 of the Elven Halls)

   Int:       It affects your intelligence (+4).
   Slay:      It affects your accuracy & damage with ranged weapons and melee
   (-4).
   rC:        It protects you from cold.
   rN:        It greatly protects you from negative energy.
   It has a curse which improves the following skills: Companions: Summonings
   and Necromancy.
   Elements:  Fire Magic, Ice Magic, Air Magic and Earth Magic.
 E - the cursed +2 robe of the Ensconced Yoke (worn) {Archmagi, Elem, Cun}
   (You took it off an orc sorcerer on level 2 of the Orcish Mines)

   It has a curse which improves the following skills: Elements: Fire Magic, Ice
   Magic, Air Magic and Earth Magic.
   Cunning:   Dodging and Stealth.
 I - a +2 tower shield of cold resistance
 M - a +2 cloak
 N - the cursed +0 kite shield "Lashed Prison" (worn) {reflect, Fort, Cun}
   (You took it off Donald on level 2 of the Swamp)

   It has a curse which improves the following skills: Fortitude: Armour and
   Shields.
   Cunning:   Dodging and Stealth.
 U - an orb of energy
Magical Staves
 X - a cursed staff of fire (weapon) {Evo, Elem}
Jewellery
 f - a ring of fire
 j - an amulet of reflection
 q - the cursed ring "Ensconced With Me" (left hand) {Fire, Cun, Elem}
   (You found it on level 4 of the Dungeon)

   [ring of fire]

   It enhances your fire magic.
   rF:        It protects you from fire.
   rC:        It makes you vulnerable to cold.
   It has a curse which improves the following skills: Cunning: Dodging and
   Stealth.
   Elements:  Fire Magic, Ice Magic, Air Magic and Earth Magic.
 r - the ring of the Sky {Fly Int+2}
   (You found it in a Gauntlet)

   [ring of flight]

   Int:       It affects your intelligence (+2).
   Fly:       It grants you flight.
 B - the ring of Shadows {Umbra +Inv Stlth+}
   (You found it on level 2 of the Depths)

   [ring of stealth]

   It surrounds you with an aura of shadow, increasing your stealth and reducing
   the accuracy of all others within it.
   +Inv:      It lets you turn invisible.
   Stlth:     It makes you more stealthy.
 D - the amulet "Wupon" (around neck) {RegenMP rElec rCorr Str-2 Int+9}
   (You bought it in a shop on level 2 of the Depths)

   [amulet of magic regeneration]

   It increases your rate of magic regeneration.
   Str:       It affects your strength (-2).
   Int:       It affects your intelligence (+9).
   rElec:     It insulates you from electricity.
   rCorr:     It protects you from acid and corrosion.
 G - the ring "Ehozocs" (right hand) {rPois rCorr MP+9 Int+6}
   (You found it on level 2 of the Depths)

   [ring of intelligence]

   Int:       It affects your intelligence (+6).
   rPois:     It protects you from poison.
   MP:        It affects your magic capacity (+9).
   rCorr:     It protects you from acid and corrosion.
 T - the macabre finger necklace {rN+}
   (You found it on level 5 of the Pits of Slime)

   [amulet of nothing]

   It enables you to equip an extra ring.
   rN:        It protects you from negative energy.
Wands
 i - a wand of flame (55)
 k - a wand of charming (7)
 n - a wand of digging (7)
 K - a wand of paralysis (9)
 O - a wand of iceblast (10)
 P - a wand of polymorph (12)
 S - a wand of mindburst (6)
Scrolls
 a - 8 scrolls of fear
 d - 6 scrolls of fog
 g - 21 scrolls of teleportation
 h - 11 scrolls of enchant armour
 l - 8 scrolls of amnesia
 m - 3 scrolls of immolation
 o - 5 scrolls of brand weapon
 t - 9 scrolls of vulnerability
 u - 7 scrolls of enchant weapon
 A - 2 scrolls of torment
 J - a scroll of silence
 L - 5 scrolls of magic mapping
 V - 2 scrolls of summoning
 W - 3 scrolls of blinking
Miscellaneous
 F - a phantom mirror


   Skills:
 + Level 13.7(17.1) Fighting
 - Level 12.9(18.3) Dodging
 - Level 1.8(5.4) Stealth
 + Level 11.2(13.5) Shields
 + Level 18.6(21.8) Spellcasting
 + Level 16.9 Conjurations
 - Level 3.1 Translocations
 * Level 22.7(27) Fire Magic
 + Level 6.5(12.6) Ice Magic


You had 2 spell levels left.
You knew the following spells:

 Your Spells              Type           Power      Damage    Failure   Level
a - Stone Arrow           Conj/Erth      100%       3d13      1%          3
b - Blink                 Tloc           100%       N/A       1%          2
d - Orb of Destruction    Conj           71%        9d16      1%          7
e - Fireball              Conj/Fire      100%       3d36      0%          5
f - Foxfire               Conj/Fire      100%       2x1d9     0%          1
g - Apportation           Tloc           100%       N/A       1%          1
i - Inner Flame           Hex/Fire       100%       N/A       0%          3
m - Iskenderun's Mystic   Conj/Tloc      100%       2d19      1%          4
o - Ozocubu's Refrigerat  Ice            64%        4d17      3%          7
p - Ignite Poison         Fire/Tmut/Pois 100%       N/A       1%          3
q - Magic Dart            Conj           100%       1d8       0%          1
r - Scorch                Fire           100%       2d10      0%          2
s - Sticky Flame          Conj/Fire      100%       2d11      0%          4
w - Flame Wave            Conj/Fire      100%       2d17      0%          4
x - Irradiate             Conj/Tmut      56%        3d32      1%          5
z - Iskenderun's Battles  Conj           100%       2d15      1%          5
X - Starburst             Conj/Fire      100%       6d25      0%          6

Your spell library contained the following spells:

 Spells                   Type           Power      Damage    Failure   Level
 Freeze                   Ice            100%       1d11      0%          1
 Searing Ray              Conj           100%       2d8       0%          2
 Animate Skeleton         Necr           100%       N/A       1%          1
 Sandblast                Erth           100%       2d20      1%          1
 Shock                    Conj/Air       100%       1d9       1%          1
 Slow                     Hex            100%       N/A       1%          1
 Sting                    Tmut/Pois      100%       1d8       1%          1
 Summon Small Mammal      Summ           100%       N/A       1%          1
 Call Imp                 Summ           69%        N/A       1%          2
 Corpse Rot               Necr/Air       100%       N/A       1%          2
 Passwall                 Tmut/Erth      58%        N/A       1%          2
 Poisonous Vapours        Pois/Air       100%       N/A       1%          2
 Static Discharge         Conj/Air       100%       N/A       1%          2
 Conjure Flame            Conj/Fire      100%       6-21      0%          3
 Frozen Ramparts          Ice            100%       1d12      0%          3
 Ozocubu's Armour         Ice            100%       N/A       0%          3
 Hailstorm                Conj/Ice       100%       3d20      0%          4
 Confusing Touch          Hex            66%        N/A       1%          3
 Dazzling Flash           Conj/Hex       100%       N/A       1%          3
 Mephitic Cloud           Conj/Pois/Air  100%       N/A       1%          3
 Swiftness                Air            73%        N/A       1%          3
 Vampiric Draining        Necr           89%        2d12      1%          3
 Fulminant Prism          Conj/Hex       56%        3d25      1%          4
 Summon Ice Beast         Ice/Summ       100%       N/A       1%          4
 Conjure Ball Lightning   Conj/Air       57%        3x3d21    2%          6
 Iron Shot                Conj/Erth      57%        9d11      2%          6
 Airstrike                Air            36%        N/A       4%          4
 Animate Armour           Summ/Erth      100%       N/A       4%          4
 Manifold Assault         Tloc           87%        N/A       4%          5
 Dispel Undead            Necr           89%        3d28      5%          4
 Petrify                  Tmut/Erth      70%        N/A       5%          4
 Cause Fear               Hex            33%        N/A       7%          4
 Olgreb's Toxic Radiance  Pois           66%        N/A       7%          4
 Simulacrum               Ice/Necr       64%        N/A       7%          6
 Summon Forest            Summ/Tloc      39%        N/A       9%          5
 Agony                    Necr           89%        N/A       16%         5
 Silence                  Hex/Air        35%        N/A       16%         5
 Summon Mana Viper        Hex/Summ       68%        N/A       17%         5
 Alistair's Intoxication  Tmut/Pois      44%        N/A       19%         5
 Yara's Violent Unravell  Hex/Tmut       33%        3d14      19%         5
 Dispersal                Tloc           43%        N/A       28%         6
 Summon Cactus Giant      Summ           34%        N/A       63%         6
 Eringya's Noxious Bog    Tmut/Pois      33%        N/A       71%         6
 Lehudib's Crystal Spear  Conj/Erth      57%        10d13     75%         8
 Malign Gateway           Summ/Tloc      39%        N/A       95%         7
 Enfeeble                 Hex            33%        N/A       99%         7
 Monstrous Menagerie      Summ           34%        N/A       99%         7
 Summon Hydra             Summ           34%        N/A       99%         7
 Disjunction              Tloc           43%        N/A       100%        8
 Summon Horrible Things   Summ           34%        N/A       100%        8
 Dragon's Call            Summ           34%        N/A       100%        9
 Sublimation of Blood     Necr           Unusable   N/A       N/A         2
 Wereblood                Tmut           Unusable   N/A       N/A         2
 Ice Form                 Ice/Tmut       Unusable   N/A       N/A         4
 Blade Hands              Tmut           Unusable   N/A       N/A         5
 Dragon Form              Tmut           Unusable   N/A       N/A         7
 Storm Form               Tmut/Air       Unusable   N/A       N/A         7

Dungeon Overview and Level Annotations

Branches:
Dungeon (15/15)            Temple (1/1) D:5            Lair (6/6) D:9
  Swamp (4/4) Lair:2       Spider (4/4) Lair:4        Slime (5/5) Lair:6
    Orc (2/2) D:12            Elf (3/3) Orc:2        Vaults (4/5) D:14
 Depths (3/4) D:15         Bailey (visited)           IceCv (visited)
Volcano (visited)         Gauntlet (visited)
  Crypt: Vaults:2-3

Altars:
Ashenzari
Elyvilon
Fedhas
Hepliaklqana
Kikubaaqudgha
Nemelex Xobeh
Trog
Uskayaw
Vehumet
Wu Jian
Yredelemnul
Zin
The Shining One
Beogh
Jiyva
Lugonu

Shops:
D:6 *   D:7 (   D:13 !   Orc:2 !*(:*   Elf:1 (   Elf:2 *   Elf:3 ?
Vaults:4 *?=   Depths:1 =*([?   Depths:2 *

Portals:
Hell: Depths:1 Depths:2 Depths:3
Abyss: Depths:1 Depths:3
Pandemonium: Depths:1 Depths:2
Ziggurat: Depths:3
Trove: D:10 (give +7 demon trident)

Annotations:
Lair:3 2 transporters
Lair:4 exclusion: orange crystal statue
Swamp:1 Roxanne
Elf:2 3 runed translucent doors
Vaults:4 2 transporters, exclusion: obsidian statue


Innate Abilities, Weirdness & Mutations

You are immune to poison.
Your flesh is cold resistant. (rC+)
You are immune to negative energy. (rN+++)
You are immune to unholy pain and torment.
You are vulnerable to heat. (rF-)
You are in touch with the powers of death.
You do not drink.


Message History

You hear a sizzling sound!
The bolt of fire hits the frost giant!!!!
The frost giant is almost dead.
Unknown command.
You feel a huge surge of power!
The bolt of fire hits the hell knight simulacrum!!!!
The hell knight simulacrum melts!
The hell knight simulacrum vaporises!
You hear a sizzling sound!
The bolt of fire hits the hell knight simulacrum!!!!
The hell knight simulacrum melts!
The hell knight simulacrum vaporises!
You hear a sizzling sound!
The sphinx casts a spell.
You suddenly lose the ability to move!
The frost giant points at you and mumbles some strange words.
The bolt of cold hits you! You resist.
The frost giant points at you and mumbles some strange words.
The bolt of cold hits you! You resist. The hell knight simulacrum hits you.
The hell knight simulacrum freezes you! You resist.
The frost giant casts a spell at you. The bolt of cold hits you!! You resist.
The hell knight simulacrum hits you. The hell knight simulacrum freezes you!
You resist.
The frost giant hits you with a +0 battleaxe of freezing!!
The frost giant freezes you. The hell knight simulacrum hits you.
The hell knight simulacrum freezes you. You resist.
The frost giant hits you with a +0 battleaxe of freezing!
* * * LOW HITPOINT WARNING * * *
The frost giant freezes you.
* * * LOW HITPOINT WARNING * * *
The sphinx hits you!!
* * * LOW HITPOINT WARNING * * *
The sphinx hits you.
* * * LOW HITPOINT WARNING * * *
The sphinx hits you but does no damage. The hell knight simulacrum hits you.
* * * LOW HITPOINT WARNING * * *
The hell knight simulacrum freezes you! You resist.
* * * LOW HITPOINT WARNING * * *
The frost giant hits you with a +0 battleaxe of freezing!!
You die...

,, ,
,,,...............##
,.............##..#
,,,,
,.................# ,
, ,
.................#
.................# ,
, ,
...(.............#
,,,
,,.......∩.........#
,, ,
,,................##
, ,,
......ZC@........#
,,, ,,
.(...).ZH.......## ,
................# ,,
, .......)........#
,, ,,
...)).).......... ,,
,................# ,,
,,,,................#
,,, ,
,................#* ,
, ,,................
*


You could see a frost giant (soul bound), a sphinx (soul bound) and 2 hell
knight simulacra.

Vanquished Creatures
  the Royal Jelly (Slime:5)
  Mara (Depths:2)
  Sojobo (Depths:1)
  Bai Suzhen (Spider:3)
  The ghost of lmSkywalker the Warrior, an adept DrTm of Okawaru (Depths:2)
  Frederick (Vaults:4)
  the Lernaean hydra (Swamp:4)
  the Enchantress (Depths:2)
  Nikola (Swamp:2)
  Arachne (Spider:3)
  Jorgrun (Orc:2)
  Mlioglotl (Spider:3)
  Asterion (Elf:3)
  An Ice Fiend (IceCv)
  19 acid blobs
  4 tentacled monstrosities
  A deep elf master archer (Elf:3)
  An ancient champion (Depths:2)
  3 deep elf blademasters
  2 sphinxes
  A walking divine tome (Depths:2)
  2 thorn hunters (Swamp:3)
  Kirke (Spider:2)
  3 tengu reavers
  Donald (Swamp:2)
  4 fire giants
  A fenstrider witch (Swamp:3)
  7 azure jellies
  12 vault wardens
  4 rockslimes
  A cacodemon (Depths:2)
  2 frost giants
  10 deep elf sorcerers
  4 emperor scorpions (Spider:4)
  3 balrugs
  2 orc warlords
  A ghost moth (Spider:4)
  Aizul (Spider:2)
  Louise (Spider:3)
  7 deep elf elementalists (Elf:3)
  3 spriggan defenders (Depths:2)
  A stone giant (Depths:1)
  A broodmother (Spider:3)
  15 ironbound preservers
  6 quicksilver oozes
  2 war gargoyles (Vaults:4)
  9 ironbound thunderhulks
  A vampire knight (Depths:2)
  4 very ugly things
  A dire elephant (Vaults:1)
  7 deep elf annihilators (Elf:3)
  4 entropy weavers
  6 deep elf demonologists (Elf:3)
  Azrael (Spider:2)
  2 eleionomae
  2 bunyips
  An entropy weaver (shapeshifter) (D:13)
  A red draconian (Volcano)
  5 spark wasps
  A blizzard demon (Depths:2)
  4 deep elf death magi (Elf:3)
  9 ettins
  6 deep elf high priests
  8 yaktaur captains
  5 shambling mangroves
  5 fire dragons
  4 rakshasas
  A caustic shrike simulacrum (IceCv)
  11 vault guards
  7 boulder beetles
  4 ghost crabs
  15 great orbs of eyes
  3 peacekeepers
  12 ice dragons
  4 spriggan air magi
  18 centaur warriors
  A radroach (Spider:1)
  3 jorogumos
  A catoblepas (Lair:5)
  A hell beast (Depths:2)
  6 ironbound frosthearts
  4 ogre magi (Orc:2)
  26 hydras
  2 death knights
  14 dancing weapons
  5 alligators
  17 two-headed ogres
  7 death yaks
  4 deep troll shamans
  4 deep troll earth magi (Depths:1)
  3 tengu warriors
  Sonja (D:11)
  2 vampire magi
  19 deep elf knights
  Nergalle (D:10)
  7 spriggan berserkers
  A shock serpent (shapeshifter) (Vaults:1)
  6 hell knights
  A storm dragon zombie (Depths:2)
  A titan skeleton (Depths:2)
  5 iron trolls
  A spark wasp zombie (Depths:2)
  A death drake (Swamp:4)
  3 sun moths
  2 pharaoh ants (Spider:2)
  11 swamp dragons
  12 orb spiders
  8 steelbarb worms
  8 goliath frogs
  4 skeletal warriors
  2 spriggan druids
  2 glowing orange brains
  28 deep trolls
  6 bog bodies
  12 deep elf archers
  6 spriggan simulacra (IceCv)
  A flayed ghost (Depths:2)
  A tengu zombie (Depths:2)
  2 phantasmal warriors
  14 ironbound convokers
  11 wizards
  10 lindwurms
  5 orc knights
  18 wolf spiders
  6 necromancers
  34 deep elf zephyrmancers
  An obsidian statue (IceCv)
  7 harpies (Vaults:2)
  4 oklob plants
  26 deep elf pyromancers
  A faun (Lair:1)
  2 orc sorcerers
  6 shining eyes
  4 cyclopes
  34 ugly things
  2 moths of wrath
  3 manticores
  2 will-o-the-wisps
  3 centaur zombies
  10 elephants
  The ghost of glosham the Grappler, a novice TrDe (D:8)
  Maurice (D:10)
  7 black mambas
  16 vault sentinels
  3 eyes of devastation
  A smoke demon (Depths:2)
  An orange demon (Depths:2)
  A gargoyle (D:12)
  3 torpor snails
  A cane toad (shapeshifter) (D:14)
  9 cane toads
  A molten gargoyle (Volcano)
  2 rime drakes
  An unseen horror (D:12)
  36 yaktaurs
  A yaktaur (shapeshifter) (D:14)
  Maggie (D:10)
  4 demonic crawlers
  An anaconda simulacrum (IceCv)
  5 komodo dragons
  7 freezing wraiths
  9 ice devils (IceCv)
  5 entropy weaver simulacra (IceCv)
  2 hellwings (Depths:2)
  A tengu conjurer (Depths:2)
  7 trolls
  6 polar bears
  25 tarantellas
  9 meliai
  A bloated husk (Swamp:2)
  2 hornets (shapeshifter)
  A polar bear (shapeshifter) (D:14)
  Prince Ribbit (D:6)
  A deep troll zombie (Vaults:3)
  5 tyrant leeches
  26 hornets
  20 blink frogs
  98 slime creatures
  27 dream sheep
  An ettin zombie (Vaults:3)
  26 spriggans
  4 air elementals
  An ettin skeleton (Vaults:3)
  20 jumping spiders
  A shadow (D:13)
  4 centaur simulacra
  A yak (shapeshifter) (Vaults:1)
  18 culicivoras
  3 wraiths
  7 hogs (Spider:2)
  A vampire (D:12)
  17 yaks
  5 wyverns
  5 fire bats (Volcano)
  5 basilisks
  5 golden eyes (Slime:5)
  2 vampire mosquitoes (D:15)
  Grum (Bailey)
  4 fire elementals
  62 redbacks
  16 swamp worms
  2 harpy simulacra (IceCv)
  3 wargs
  12 minotaur simulacra (IceCv)
  3 acid dragons
  2 hydra simulacra (IceCv)
  Duvessa (D:6)
  5 hell hounds
  9 swamp drakes
  25 orc warriors
  15 water moccasins
  2 ice beasts
  2 sky beasts
  3 alligator simulacra (IceCv)
  2 ettin simulacra (IceCv)
  32 ogres
  3 black bears
  A necrophage (D:7)
  72 wolves
  12 boggarts
  13 centaurs
  A kobold brigand (D:9)
  4 scorpions
  15 bullfrogs
  7 gnoll sergeants (Bailey)
  6 deep troll simulacra (IceCv)
  4 earth elementals
  Dowan (D:6)
  A hornet simulacrum (Gauntlet)
  A water moccasin skeleton (D:4)
  2 lindwurm simulacra (IceCv)
  14 killer bees
  3 howler monkeys
  3 wights (D:10)
  4 electric eels
  10 lava snakes
  A bullfrog zombie (D:6)
  8 hounds
  5 jellies
  A bullfrog skeleton (D:5)
  6 gnoll shamans (Bailey)
  23 orc priests
  3 iguanas
  14 orc wizards
  Terence (D:2)
  A howler monkey zombie (D:8)
  7 gnolls (Bailey)
  6 adders
  2 howler monkey skeletons
  A shadow imp (D:3)
  3 adder skeletons (D:4)
  106 orcs
  3 ball pythons
  A bat (D:3)
  13 endoplasms
  A giant cockroach (D:3)
  15 goblins
  7 hobgoblins
  3 quokkas
  2 frilled lizards
  12 kobolds
  7 rats
  2 briar patches (Swamp:3)
  A bush (Lair:6)
1864 creatures vanquished.

Vanquished Creatures (collateral kills)
  The ghost of nogo the Severer, an adept DDFi of Makhleb (Depths:2)
  The ghost of Barug the Brawler, an adept TrMo of Nemelex Xobeh (Depths:2)
  A tengu reaver (Depths:1)
  A rockslime (Slime:4)
  A quicksilver ooze (Slime:5)
  Urug (Lair:5)
  An ugly thing (Vaults:2)
  A black mamba (Lair:5)
  2 wolves (Bailey)
  A centaur (D:10)
  14 foxfires
25 creatures vanquished.

Vanquished Creatures (others)
  A deep elf elementalist (Elf:3)
  A hydra (Lair:6)
  A spriggan druid (Swamp:2)
  A yaktaur (Vaults:1)
  A jumping spider (Spider:1)
  A swamp drake (Swamp:2)
  A wolf (Lair:6)
  3 briar patches (Swamp:3)
  2 bushes (Lair:6)
  2329 foxfires
  59 fungi
  78 plants
  4 withered plants (Depths:2)
2482 creatures vanquished.

Grand Total: 4371 creatures vanquished

Notes
Turn   | Place    | Note
-------+----------+-------------------------------------------
     0 | D:1      | RepoMan the Mummy Fire Elementalist began the quest for the
                  | Orb.
     0 | D:1      | Reached XP level 1. HP: 13/13 MP: 4/4
   194 | D:1      | Reached skill level 1 in Conjurations
   282 | D:1      | Reached XP level 2. HP: 19/19 MP: 5/5
   287 | D:1      | Learned a level 2 spell: Scorch
   749 | D:2      | Noticed Terence
   757 | D:2      | Killed Terence
   758 | D:2      | Reached skill level 3 in Fire Magic
   758 | D:2      | Reached XP level 3. HP: 24/24 MP: 4/7
  1195 | D:2      | Reached XP level 4. HP: 30/30 MP: 5/9
  1980 | D:3      | Found an ornate altar of the Wu Jian Council.
  2521 | D:3      | Reached XP level 5. HP: 35/35 MP: 10/10
  2990 | D:4      | Reached skill level 4 in Fire Magic
  3107 | D:4      | Learned a level 1 spell: Apportation
  3111 | D:4      | Learned a level 3 spell: Conjure Flame
  3115 | D:4      | Learned a level 3 spell: Inner Flame
  3142 | D:4      | Noticed an orc warrior
  3520 | D:4      | Reached XP level 6. HP: 41/41 MP: 4/12
  3668 | D:4      | Killed an orc warrior
  3702 | D:4      | Reached skill level 5 in Spellcasting
  3819 | D:4      | Reached skill level 5 in Fire Magic
  3819 | D:4      | Reached XP level 7. HP: 46/46 MP: 8/14
  4003 | D:4      | Found a faded altar of an unknown god.
  4005 | D:4      | Found a faded altar of an unknown god.
  4005 | D:4      | Found a hazy altar of Hepliaklqana.
  4007 | D:4      | Found a faded altar of an unknown god.
  4166 | D:5      | Entered Level 5 of the Dungeon
  4215 | D:5      | Found a broken altar of Ashenzari.
  4248 | D:5      | Became a worshipper of Ashenzari the Shackled
  4334 | D:5      | Found a staircase to the Ecumenical Temple.
  4342 | Temple   | Entered the Ecumenical Temple
  5200 | D:6      | Reached skill level 6 in Fire Magic
  5207 | D:6      | Reached XP level 8. HP: 50/52 MP: 0/17
  5219 | D:6      | Learned a level 4 spell: Flame Wave
  5472 | D:6      | Found a basalt altar of Yredelemnul.
  5472 | D:6      | Found a bloodstained altar of Trog.
  5774 | D:6      | Noticed Prince Ribbit
  5788 | D:6      | Killed Prince Ribbit
  5789 | D:6      | Reached skill level 7 in Fire Magic
  5962 | D:6      | Reached XP level 9. HP: 55/57 MP: 16/20
  6069 | D:6      | Found Kodoty's Serpentskin Sales.
  6087 | D:6      | Reached skill level 5 in Conjurations
  6278 | D:6      | Noticed Duvessa
  6279 | D:6      | Noticed Dowan
  6304 | D:6      | Killed Duvessa
  6308 | D:6      | Killed Dowan
  6658 | D:7      | Reached * piety under Ashenzari
  6811 | D:7      | Found a hide-covered altar of Uskayaw.
  6825 | D:7      | Reached skill level 8 in Fire Magic
  7192 | D:7      | Found Qusoleok's Weapon Boutique.
  7518 | D:8      | Found a flagged portal.
  7532 | D:8      | Learned a level 3 spell: Stone Arrow
  7559 | Bailey   | Entered a bailey
  7560 | Bailey   | Reached ** piety under Ashenzari
  7732 | Bailey   | Noticed Grum
  7738 | Bailey   | Killed Grum
  7801 | Bailey   | Identified the +7 hand crossbow "Seum" {elec, Int+2}
  7815 | Bailey   | Identified the +5 fustibalus of Fimbulwinter {flame, Will+}
  7963 | Bailey   | Reached XP level 10. HP: 63/63 MP: 19/24
  9058 | D:8      | Found a runed translucent gate.
  9058 | D:8      | Found a runed translucent gate.
  9058 | D:8      | Found a runed translucent gate.
  9061 | D:8      | Noticed glosham's ghost (novice TrDe)
  9062 | D:8      | Identified the +3 chain mail of Webbuc {rN+ Regen+ Str-5}
  9525 | D:8      | Killed glosham's ghost
  9527 | D:8      | Reached skill level 1 in Fighting
  9527 | D:8      | Reached skill level 9 in Fire Magic
 10343 | D:9      | Found a staircase to the Lair.
 10474 | D:9      | Reached skill level 10 in Spellcasting
 10900 | D:10     | Entered Level 10 of the Dungeon
 10905 | D:10     | Noticed a two-headed ogre
 10909 | D:10     | Noticed a two-headed ogre
 10910 | D:10     | Killed a two-headed ogre
 10911 | D:10     | Noticed Maurice
 10922 | D:10     | Killed Maurice
 10923 | D:10     | Reached XP level 11. HP: 74/78 MP: 18/27
 10929 | D:10     | Killed a two-headed ogre
 11109 | D:10     | Found a portal to a secret trove of treasure.
 11125 | D:10     | Noticed a boulder beetle
 11142 | D:10     | Killed a boulder beetle
 11274 | D:10     | Noticed Maggie
 11343 | Lair:1   | Entered Level 1 of the Lair of Beasts
 11372 | Lair:1   | Reached skill level 10 in Fire Magic
 12943 | Lair:1   | Reached skill level 5 in Fighting
 13290 | Lair:2   | Noticed a four-headed hydra
 13297 | Lair:2   | Killed a four-headed hydra
 13341 | Lair:2   | Found a staircase to the Swamp.
 13341 | Lair:2   | Noticed a bog body
 13343 | Lair:2   | Noticed a bog body
 13361 | Lair:2   | HP: 2/83 [bog body (29)]
 13482 | Lair:2   | Reached XP level 12. HP: 84/91 MP: 23/29
 13706 | Lair:2   | Reached skill level 11 in Fire Magic
 14290 | Lair:2   | Reached skill level 5 in Dodging
 14490 | Lair:2   | Reached *** piety under Ashenzari
 15368 | Lair:3   | Reached skill level 1 in Translocations
 15923 | Lair:3   | Found a transporter.
 15925 | Lair:3   | Found a transporter.
 15925 | Lair:3   | Noticed a boulder beetle
 15925 | Lair:3   | Noticed a boulder beetle
 16384 | Lair:4   | Noticed a seven-headed hydra
 16395 | Lair:4   | Killed a seven-headed hydra
 16427 | Lair:4   | Found a dark tunnel.
 16502 | Volcano  | Entered a volcano
 16525 | Volcano  | Gained mutation: You are in touch with the powers of death.
                  | [Mummy growth]
 16525 | Volcano  | Reached XP level 13. HP: 103/103 MP: 22/32
 16884 | Volcano  | Reached skill level 12 in Fire Magic
 16936 | Volcano  | Noticed a red draconian
 16945 | Volcano  | Killed a red draconian
 16956 | Volcano  | Found a burning altar of Makhleb.
 16966 | Volcano  | Found the +3 pair of seven-league boots {Rampage+∞}
 17371 | Lair:4   | Reached **** piety under Ashenzari
 17643 | Lair:4   | Found a hole to the Spider Nest.
 18542 | Lair:4   | Found a blossoming altar of Fedhas.
 18925 | Lair:5   | Identified the +3 hand axe of Saltpetre {flame, rElec rCorr
                  | Str-2 Stlth+}
 19246 | Lair:5   | Noticed Urug
 19259 | Lair:5   | Killed Urug
 19459 | Lair:5   | Reached skill level 1 in Shields
 20448 | Lair:5   | Found the +6 lightning scales {swift, rElec}
 20856 | Lair:6   | Entered Level 6 of the Lair of Beasts
 20860 | Lair:6   | Reached skill level 13 in Fire Magic
 20926 | Lair:6   | Found a gate leading to a gauntlet.
 20936 | Gauntlet | Entered a Gauntlet
 20936 | Gauntlet | Found a transporter.
 20936 | Gauntlet | Found a transporter.
 20941 | Gauntlet | Found a transporter.
 20941 | Gauntlet | Identified the +2 pair of boots of Gravity {Dex+4}
 20942 | Gauntlet | Found a transporter.
 20970 | Gauntlet | Found a transporter.
 20970 | Gauntlet | Found a transporter.
 20972 | Gauntlet | Found a transporter.
 20972 | Gauntlet | Found a transporter.
 20975 | Gauntlet | Noticed an entropy weaver
 20983 | Gauntlet | Found a transporter.
 20998 | Gauntlet | Identified the ring of the Sky {Fly Int+2}
 20999 | Gauntlet | Found a transporter.
 21009 | Gauntlet | Found a transporter.
 21010 | Gauntlet | Identified the ring of Wofuhug {rN+ Will- rCorr Str+4
                  | Int+4}
 21023 | Gauntlet | Found a transporter.
 21044 | Gauntlet | Found a transporter.
 21045 | Gauntlet | Found a runed translucent door.
 21061 | Gauntlet | Found a transporter.
 21226 | Gauntlet | HP: 2/107 [wolf spider (20)]
 21238 | Gauntlet | Reached XP level 14. HP: 15/114 MP: 20/36
 21361 | Gauntlet | Identified the +7 morningstar of Turmoil {spect, rElec
                  | Str+6 Int+7}
 21363 | Gauntlet | Identified The Intricacies of Spellweaving
 21363 | Gauntlet | Identified the +8 triple crossbow of Gerezxig {vorpal,
                  | rN++}
 21670 | Lair:6   | Reached skill level 10 in Conjurations
 22406 | Lair:6   | Found a staircase to the Slime Pits.
 23571 | Lair:6   | Learned a level 4 spell: Iskenderun's Mystic Blast
 23578 | Lair:6   | Learned a level 6 spell: Starburst
 24061 | D:10     | Noticed Nergalle
 24073 | D:10     | Killed Nergalle
 24074 | D:10     | Reached skill level 14 in Fire Magic
 24994 | D:11     | Noticed Sonja
 25002 | D:11     | Killed Sonja
 25094 | D:12     | Found a staircase to the Orcish Mines.
 25880 | D:12     | Identified the ring "Alatur" {Contam Will++ EV+4}
 26548 | D:12     | Identified the ring "Buuhyf" {+Blink rPois rC- Will- Str+9}
 26645 | Orc:1    | Entered Level 1 of the Orcish Mines
 26927 | Orc:1    | Noticed an orc warlord
 26937 | Orc:1    | Killed an orc warlord
 26938 | Orc:1    | Reached XP level 15. HP: 120/120 MP: 8/38
 27902 | Orc:2    | Entered Level 2 of the Orcish Mines
 27902 | Orc:2    | Found Puikkirr's Distillery.
 27915 | Orc:2    | Noticed Jorgrun
 28069 | Orc:2    | Found a staircase to the Elven Halls.
 28243 | Orc:1    | Reached skill level 15 in Spellcasting
 28863 | Orc:2    | Killed Jorgrun
 29251 | Orc:2    | Reached skill level 15 in Fire Magic
 29686 | Orc:2    | Found Jiurgh's General Store.
 29686 | Orc:2    | Found Yrats's Weapon Shoppe.
 29695 | Orc:2    | Found Meschieta's Book Shoppe.
 29695 | Orc:2    | Found Raso's Assorted Antiques.
 29959 | Orc:2    | Bought a scroll of fog for 30 gold pieces
 29961 | Orc:2    | Bought a scroll labelled WOFAEKL HIOSIU for 22 gold pieces
 29962 | Orc:2    | Bought a book of Alchemy for 476 gold pieces
 29968 | Orc:2    | Learned a level 5 spell: Irradiate
 30264 | Orc:2    | Reached ***** piety under Ashenzari
 30491 | D:10     | Killed Maggie
 30880 | D:13     | Found Veas's Distillery.
 31287 | D:13     | Reached skill level 5 in Shields
 31542 | D:13     | Identified the ring "Kielyc" {rElec rPois Str+5 Int+6
                  | Dex-5}
 31952 | D:14     | Found a gate to the Vaults.
 32086 | D:14     | Found an ancient bone altar of Kikubaaqudgha.
 32358 | D:14     | Reached XP level 16. HP: 125/125 MP: 17/39
 33354 | D:15     | Entered Level 15 of the Dungeon
 33410 | D:15     | Found a frozen archway.
 33419 | IceCv    | Entered an ice cave
 33634 | IceCv    | Reached skill level 16 in Fire Magic
 34284 | IceCv    | Noticed an Ice Fiend
 34289 | IceCv    | Killed an Ice Fiend
 34323 | IceCv    | Identified the amulet "Kaki" {Acrobat Drain Int+5}
 34534 | D:15     | Found a staircase to the Depths.
 35548 | Swamp:1  | Entered Level 1 of the Swamp
 35556 | Swamp:1  | Identified the +8 flail of the Whale {freeze, rElec rN+
                  | Will+ Str+2}
 36291 | Swamp:1  | Noticed Roxanne
 36591 | Swamp:2  | Noticed Nikola
 37102 | Swamp:2  | Killed Nikola
 37103 | Swamp:2  | Reached XP level 17. HP: 118/131 MP: 12/41
 37334 | Swamp:2  | Noticed Donald
 37336 | Swamp:2  | Killed Donald
 38071 | Swamp:3  | Reached skill level 17 in Fire Magic
 38081 | Swamp:3  | HP: 2/131 [fenstrider witch (13)]
 39983 | Swamp:4  | Entered Level 4 of the Swamp
 40027 | Swamp:4  | Noticed a tentacled monstrosity
 40042 | Swamp:4  | Killed a tentacled monstrosity
 40488 | Swamp:4  | Noticed the 27-headed Lernaean hydra
 40492 | Swamp:4  | Killed the 27-headed Lernaean hydra
 40817 | Swamp:4  | Got a decaying rune of Zot
 41484 | Elf:1    | Entered Level 1 of the Elven Halls
 41516 | Elf:1    | Found a radiant altar of Vehumet.
 41833 | Elf:1    | Found Kaenutek's Weapon Emporium.
 42377 | Elf:1    | Reached skill level 18 in Fire Magic
 42397 | Elf:1    | Reached XP level 18. HP: 125/138 MP: 27/43
 42730 | Elf:2    | Found a radiant altar of Vehumet.
 42856 | Elf:2    | Found a runed translucent gate.
 42856 | Elf:2    | Found a runed translucent gate.
 42856 | Elf:2    | Found a runed translucent gate.
 42912 | Elf:2    | Paralysed by an air elemental for 1 turns
 42942 | Elf:2    | Identified a scroll of acquirement
 43593 | Elf:2    | Acquired the ring of the Sunfish {rElec rCorr Dex+6}
 43650 | Elf:2    | Found Ytef Roago's Assorted Antiques.
 43662 | Elf:2    | Bought a scroll of fear for 126 gold pieces
 44168 | Elf:3    | Entered Level 3 of the Elven Halls
 44168 | Elf:3    | Noticed Asterion
 44436 | Elf:3    | Killed Asterion
 44563 | Elf:3    | Found Ocuij's Magic Scroll Boutique.
 44571 | Elf:3    | Bought a scroll of teleportation for 33 gold pieces
 44571 | Elf:3    | Bought a scroll of enchant weapon for 82 gold pieces
 44571 | Elf:3    | Bought a scroll of enchant armour for 82 gold pieces
 44571 | Elf:3    | Bought 2 scrolls of immolation for 77 gold pieces
 46113 | Elf:3    | Reached skill level 19 in Fire Magic
 46728 | Elf:3    | Reached skill level 10 in Shields
 46974 | Elf:3    | Identified the +7 morningstar "Qoill" {distort, rF+ rC+}
 47133 | Elf:3    | Identified the +5 quarterstaff of Frustration {pain, Drain
                  | rN+ rCorr Dex+4}
 47364 | Elf:3    | Reached XP level 19. HP: 146/146 MP: 30/44
 47595 | Elf:3    | Learned a level 2 spell: Blink
 47600 | Elf:3    | Learned a level 4 spell: Sticky Flame
 47750 | Elf:3    | Identified the +2 pair of boots of Vodu {rC+ rN++ Int+4
                  | Slay-4}
 47764 | Elf:3    | Identified the +3 scale mail "Lucseth" {-Tele rPois Str+8
                  | Dex+7}
 47820 | Elf:3    | Identified the +7 ring mail "Kaseic" {rElec rPois Int+2}
 48239 | Spider:1 | Entered Level 1 of the Spider Nest
 49533 | Spider:2 | Noticed Azrael
 49603 | Spider:2 | Learned a level 1 spell: Magic Dart
 49830 | Spider:2 | Noticed Aizul
 49839 | Spider:2 | Killed Aizul
 49982 | Spider:2 | Identified the +8 pearl dragon scales of the Devil's Team
                  | {rN+ Str+4}
 50116 | Spider:2 | Killed Azrael
 50591 | Spider:2 | Noticed Kirke
 50599 | Spider:2 | Killed Kirke
 50728 | Spider:3 | Noticed Bai Suzhen
 50728 | Spider:3 | Noticed Louise
 50734 | Spider:3 | Killed Louise
 50737 | Spider:3 | Killed Bai Suzhen
 50822 | Spider:3 | Noticed Arachne
 50829 | Spider:3 | Killed Arachne
 51281 | Spider:4 | Entered Level 4 of the Spider Nest
 51281 | Spider:4 | Noticed Mlioglotl
 51289 | Spider:3 | Killed Mlioglotl
 51411 | Spider:4 | Reached skill level 20 in Fire Magic
 52422 | Spider:4 | Reached XP level 20. HP: 129/155 MP: 16/44
 52427 | Spider:4 | Reached skill level 15 in Conjurations
 52528 | Spider:4 | Got a gossamer rune of Zot
 52748 | Slime:1  | Entered Level 1 of the Pits of Slime
 52804 | Slime:1  | Reached skill level 10 in Fighting
 54241 | Slime:5  | Entered Level 5 of the Pits of Slime
 54384 | Slime:4  | Reached skill level 10 in Dodging
 54921 | Slime:5  | Identified the +2 ring mail of the Moon {+Blink rElec
                  | Will++ Dex-4}
 54930 | Slime:5  | Found a viscous altar of Jiyva.
 54939 | Slime:5  | Found the macabre finger necklace {rN+}
 55044 | Slime:5  | Noticed the Royal Jelly
 55061 | Slime:5  | Killed the Royal Jelly
 55162 | Slime:5  | Got a slimy rune of Zot
 55776 | Vaults:1 | Entered Level 1 of the Vaults
 55810 | Vaults:1 | Found a flickering gateway to a bazaar.
 55822 | Bazaar   | Entered a bazaar
 55835 | Bazaar   | Found Oturytega's Magic Scroll Shoppe.
 55835 | Bazaar   | Found Yjagaong's Magic Scroll Emporium.
 55841 | Bazaar   | Bought a scroll of torment for 90 gold pieces
 55847 | Bazaar   | Bought a scroll of blinking for 45 gold pieces
 55857 | Bazaar   | Found Vyedatoc's Armour Shoppe.
 55878 | Bazaar   | Found Siugh's Book Emporium.
 55939 | Bazaar   | Bought a scroll of teleportation for 36 gold pieces
 55939 | Bazaar   | Bought a scroll of enchant weapon for 90 gold pieces
 55939 | Bazaar   | Bought a scroll of summoning for 114 gold pieces
 55945 | Bazaar   | Bought a scroll of enchant weapon for 45 gold pieces
 55945 | Bazaar   | Bought a scroll of enchant armour for 45 gold pieces
 56834 | Vaults:1 | Reached skill level 21 in Fire Magic
 57311 | Vaults:2 | Reached XP level 21. HP: 167/167 MP: 31/45
 57576 | Vaults:2 | Reached ****** piety under Ashenzari
 59425 | Vaults:4 | Found Rorrij's Magic Scroll Shoppe.
 59433 | Vaults:4 | Bought a scroll of teleportation for 48 gold pieces
 59433 | Vaults:4 | Bought a scroll of fog for 32 gold pieces
 59433 | Vaults:4 | Bought a scroll of teleportation for 48 gold pieces
 59596 | Vaults:4 | Noticed Frederick
 59600 | Vaults:4 | Killed Frederick
 60260 | Vaults:4 | Found Yzorowou's Jewellery Shop.
 60479 | Vaults:4 | Reached skill level 22 in Fire Magic
 60494 | Vaults:4 | Found a transporter.
 60511 | Vaults:4 | Found a transporter.
 60511 | Vaults:4 | Identified the +2 pair of boots "Yrhioqaw" {rPois}
 60589 | Vaults:4 | Reached XP level 22. HP: 132/180 MP: 26/47
 60764 | Vaults:4 | Reached skill level 1 in Ice Magic
 61082 | Vaults:4 | Found Waliaci's Assorted Antiques.
 61089 | Vaults:4 | Bought a scroll of fog for 78 gold pieces
 61089 | Vaults:4 | Bought a distressingly furry leather armour for 273 gold
                  | pieces
 61089 | Vaults:4 | Identified the +0 leather armour "Pyenguog" {rC+ Int+2
                  | SInv} (You bought it in a shop on level 4 of the Vaults)
 61440 | Depths:1 | Entered Level 1 of the Depths
 61942 | Depths:1 | Found a one-way gate leading to the halls of Pandemonium.
 62075 | Depths:1 | Learned a level 3 spell: Ignite Poison
 62083 | Depths:1 | Learned a level 7 spell: Ozocubu's Refrigeration
 62086 | Depths:1 | Found a gateway to Hell.
 62123 | Depths:1 | Found a one-way gate to the infinite horrors of the Abyss.
 62315 | Depths:1 | Identified the +6 chain mail of Ferocious Music {rF+ Int+3}
 62336 | Depths:1 | Found Leqiunu's Magic Scroll Emporium.
 62336 | Depths:1 | Noticed a juggernaut
 62337 | Depths:1 | Noticed a juggernaut
 62363 | Depths:1 | Noticed Sojobo
 62382 | Depths:1 | Paralysed by an air elemental for 1 turns
 62386 | Depths:1 | Killed Sojobo
 62628 | Depths:1 | Found Zeseb's Antique Armour Emporium.
 62628 | Depths:1 | Found Fesch's Weapon Shoppe.
 62631 | Depths:1 | Found Ekkuchent's General Store.
 62636 | Depths:1 | Bought a scroll of fog for 26 gold pieces
 62636 | Depths:1 | Bought a scroll of fear for 45 gold pieces
 62636 | Depths:1 | Bought a scroll of fear for 45 gold pieces
 62636 | Depths:1 | Bought a scroll of magic mapping for 45 gold pieces
 62636 | Depths:1 | Bought a scroll of blinking for 97 gold pieces
 62636 | Depths:1 | Bought a scroll of fear for 45 gold pieces
 62647 | Depths:1 | Bought a scroll of immolation for 56 gold pieces
 62650 | Depths:1 | Bought an ominously black robe for 239 gold pieces
 62650 | Depths:1 | Identified the +0 robe "Duli" {rCorr} (You bought it in a
                  | shop on level 1 of the Depths)
 62650 | Depths:1 | Bought a faintly humming ring mail for 378 gold pieces
 62650 | Depths:1 | Identified the +1 ring mail of Action {Str+4} (You bought
                  | it in a shop on level 1 of the Depths)
 62650 | Depths:1 | Bought a scorched plate armour for 1176 gold pieces
 62650 | Depths:1 | Identified the +1 plate armour "Iniengepp" {rN+++ MP+9
                  | Str-3 Int-4} (You bought it in a shop on level 1 of the
                  | Depths)
 62673 | Depths:1 | Found Faampa's Jewellery Emporium.
 63171 | Depths:2 | Noticed the Enchantress
 63194 | Depths:2 | Killed the Enchantress
 63384 | Depths:2 | Noticed Mara
 63404 | Depths:2 | Killed Mara
 63610 | Depths:2 | Noticed nogo's ghost (adept DDFi)
 63612 | Depths:2 | Noticed Barug's ghost (adept TrMo)
 63613 | Depths:2 | Identified the ring "Ehozocs" {rPois rCorr MP+9 Int+6}
 63620 | Depths:2 | Noticed lmSkywalker's ghost (adept DrTm)
 63721 | Depths:2 | Reached skill level 5 in Ice Magic
 64234 | Depths:2 | Identified the +3 scimitar of Hacking and Slashing
                  | {protect, rF+ rC+ Str+5 SInv}
 64375 | Depths:2 | Found the ring of Shadows {Umbra +Inv Stlth+}
 64653 | Depths:2 | Paralysed by a sphinx for 2 turns
 64878 | Depths:2 | Found a runed translucent gate.
 64878 | Depths:2 | Found a runed translucent gate.
 64879 | Depths:2 | Found a runed translucent gate.
 64945 | Depths:2 | Acquired 1084 gold pieces
 65007 | Depths:2 | Found Quckuez's Neck Hole.
 65013 | Depths:2 | Bought the amulet "Wupon" {RegenMP rElec rCorr Str-2 Int+9}
                  | for 771 gold pieces
 65284 | Depths:2 | Killed nogo's ghost
 65285 | Depths:2 | Killed Barug's ghost
 65628 | Depths:2 | Killed lmSkywalker's ghost
 65629 | Depths:2 | Reached XP level 23. HP: 187/187 MP: 30/48
 65706 | Depths:3 | Found a corrupted altar of Lugonu.
 65860 | Depths:3 | Learned a level 5 spell: Iskenderun's Battlesphere
 65866 | Depths:3 | Learned a level 5 spell: Fireball
 65875 | Depths:3 | Learned a level 7 spell: Orb of Destruction
 65880 | Depths:3 | Learned a level 3 spell: Stone Arrow
 66091 | Depths:3 | Found a one-way gateway to a ziggurat.
 66117 | Depths:3 | Paralysed by a sphinx for 7 turns
 66122 | Depths:3 | HP: 7/187 [hell knight simulacrum[a necromancer] (12)]
 66123 | Depths:3 | Demolished by a frost giant

Illustrated notes

Levels and vault maps discovered:
D:1:      wander_arrival_desolate, layout_basic
D:2:      layout_basic, minivault_4, minmay_circle_x, uniq_terence
D:3:      minmay_evil_eye, layout_basic, nicolae_wu_jian_wuxing_cycle,
          roderic_serpentine_path
D:4:      kennysheep_six_static_rooms, layout_basic,
          nicolae_hepliaklqana_ecumenical_no_more, serial_bayou_pond_c
D:5:      layout_loops_cross, nicolae_ashenzari_panopticon,
          minmay_temple_entry_sparse_star, kennysheep_generic_room_8
D:6:      layout_basic, jmf_multi_god_temple, guppyfry_shop_venom,
          uniq_prince_ribbit1, uniq_duvessa
D:7:      layout_loops_ring, mainiacjoe_overflow_tiny_flanked, serial_shops,
          kennysheep_little_box, chequers_mini_garden
D:8:      layout_basic, lemuel_round_altar, biasface_ghost_orc_armoury,
          enter_bailey_5, st_stairs_12
D:9:      layout_rooms, dpeg_oklobed_lair, special_room [special_room_orc]
D:10:     layout_big_octagon, enter_trove_6, minmay_misc_feat_cross,
          kennysheep_generic_room_13, uniq_maurice, uniq_nergalle, uniq_maggie
D:11:     layout_roguey, item_on_display_a, uniq_sonja
D:12:     layout_basic, minmay_orc_entry_temple_small, minmay_diamond_spiral
D:13:     layout_roguey, serial_shops, shop,
          minmay_the_grid_square_5x5_3x3_mashed
          [minmay_the_grid_square_5x5_lines,
          minmay_the_grid_square_5x5_doubleslash,
          minmay_the_grid_square_5x5_gyroscope,
          minmay_the_grid_square_5x5_forky,
          minmay_the_grid_square_5x5_megaprize_hollow,
          minmay_the_grid_square_5x5_trominoes,
          minmay_the_grid_square_5x5_fat_x, minmay_the_grid_square_5x5_moneybag,
          minmay_the_grid_square_5x5_inner_v]
D:14:     minmay_triangles_in_corner, layout_loops_corners, david_vaults_4,
          kiku_gazebo_garden_becter
D:15:     hangedman_depths_entry_civil_slaughter, layout_cave_pods,
          minmay_misc_feat_ornament, portal_ice_cave_entry_pillars_1
Temple:   regret_index_temple_generic_petals
Lair:1:   layout_loops_ring, grunt_forest_large_clearings,
          infiniplex_staircase_pool_2
Lair:2:   layout_long_grid, skrybe_swamp_entry_bodies,
          nicolae_quartered_pool_little, serial_bayou_ford_a,
          serial_bayou_shore_b
Lair:3:   gammafunk_boulding_lane, layout_small_grid
Lair:4:   hellmonk_ruined_rings, layout_loops_ring,
          nicolae_spider_entry_tight_spaces, enter_volcano_3, st_stairs_4,
          hangedman_tree_tricks, grunt_forest_stairs_basic, disabler_island
Lair:5:   nzn_winding_woodlands_stair_trap
          [nzn_winding_woodlands_5x15_sidewinder,
          nzn_winding_woodlands_5x15_parted,
          nzn_winding_woodlands_5x15_concentric,
          nzn_winding_woodlands_15x15_boxy_spiral,
          nzn_winding_woodlands_5x15_twine, nzn_winding_woodlands_5x15_zeroes,
          nzn_winding_woodlands_5x15_crooked], layout_regular_city, uniq_urug
Lair:6:   minmay_lair_end_enchanted_forest, layout_misc_corridors,
          nicolae_slime_entry_slimehenge, gauntlet_entry_generic,
          grunt_forest_small_clearings
Swamp:1:  layout_basic_swamp, nicolae_swamp_tree_isthmus, uniq_roxanne
Swamp:2:  layout_basic_swamp, evilmike_swamp_ruin_house_5, swamp_pool1,
          uniq_nikola, uniq_donald
Swamp:3:  nicolae_swamp_phyte_club, layout_basic_swamp,
          nicolae_swamp_trees_clearing
Swamp:4:  swamp_old_school, layout_basic_swamp
Spider:1: layout_spider_delve, hangedman_spider_mandibles
Spider:2: nicolae_spider_mines_1, drop_trap, nicolae_orb_island, uniq_aizul,
          uniq_azrael, uniq_kirke
Spider:3: layout_spider_delve, nicolae_spider_nook, uniq_bai_suzhen,
          uniq_arachne, uniq_louise
Spider:4: spider_rune_water, drop_trap, uniq_mlioglotl
Slime:1:  layout_caves
Slime:2:  layout_caves
Slime:3:  layout_caves, cheibrodos_slime_lost_civilization_4
Slime:4:  layout_caves
Slime:5
Orc:1:    layout_caves, basic_altar
Orc:2:    st_orc_ogre_mass, layout_caves, serial_shops,
          nicolae_shop_hallway_stairs, uniq_jorgrun
Elf:1:    eino_elf_arrival_altar, layout_geoelf_octagon, serial_shops,
          nicolae_diamond_shop, hangedman_elf_represent
Elf:2:    nicolae_elf_blades_splatter_lattice [infiniplex_blade_entry_pillars],
          layout_geoelf_grid, basic_altar, serial_shops, shop,
          nicolae_elf_variegated_diamond, uniq_agnes
Elf:3:    minmay_elf_hall_hex, layout_loops_ring, serial_shops, shop,
          uniq_asterion
Vaults:1: ontoclasm_vaults_chip, ontoclasm_vaults_fault, v_pattern_5,
          nicolae_vaults_alarming, hangedman_vaults_capsules, st_lattice,
          layout_vaults_quadrants, serial_shops, bzr_firewalk
Vaults:2: v_misc_19, nicolae_vaults_yaktaur_gun_rack, v_misc_11,
          hangedman_vaults_restitches, v_misc_12, nicolae_vaults_triangles,
          v_pattern_3, nicolae_vaults_little_squares_5, vaults_room_pools,
          vaults_dpeg_encased_lava, grunt_vaults_hallway_short,
          layout_vaults_ring
Vaults:3: v_misc_3, blue_anna_dwarven_crypt, v_rooms_3,
          nicolae_vaults_little_squares_3,
          vaults_standard_mumra_enter_the_diamond, v_misc_13,
          ontoclasm_vaults_ligature, ontoclasm_vaults_ring_small,
          nicolae_vaults_specimen_jars, nicolae_vaults_theta, vaults_room_fours,
          nicolae_vaults_asterisk, v_misc_27, layout_vaults_big_room
Vaults:4: nicolae_vaults_arrows, hangedman_vaults_stagger, vaults_room_corners,
          v_pattern_2, gammafunk_sealed_arena, nicolae_vaults_little_squares_1,
          nicolae_vaults_theta, nicolae_vaults_big_angled_halls, v_misc_4,
          v_misc_10, v_misc_8, vaults_mumra_chevron,
          nicolae_vaults_big_angled_halls, v_misc_8,
          nicolae_vaults_little_squares_5, ontoclasm_vaults_gateway,
          layout_vaults_maze, serial_shops, nicolae_shop_overgrown_old_shop,
          shop, shop, uniq_margery, uniq_frederick
Depths:1: layout_small_grid, pan_entry, pf_dread_powers_of_hell, serial_shops,
          shop, abyss_entry_small_statue_room, minivault_12, minmay_shoptagon,
          serial_bayou_shore_b, uniq_sojobo
Depths:2: kennysheep_snake, layout_basic, minmay_staircase_statues,
          grunt_mini_vestibule, rand_demon_pan_entry_3,
          gammafunk_ghost_cemetery, nicolae_shop_sticking_my_neck_out,
          grunt_megastairs_1, uniq_mara, uniq_enchantress
Depths:3: nicolae_cairo_tiling_large, layout_cave_shapes, enter_ziggurat_a,
          good_gods_temple_1, hell_entry, abyss_entry_flame_altar, firewood_loft

Skill      XL: |  1  2  3  4  5  6  7  8  9 10 11 12 13 14 15 16 17 18 19 20 21 22 |
---------------+-------------------------------------------------------------------+-----
Conjurations   | 1 2 3 4 6 7 8 9 10 11 12 13 14 15 16 | 16.9
Spellcasting   | 3 4 5 6 7 9 10 11 12 13 14 15 17 18 | 18.6
Fire Magic     | 3 4 5 6 7 8 9 10 11 13 14 15 16 18 19 20 21 22 | 22.7
Fighting       | 3 5 6 7 9 11 12 13 | 13.7
Dodging        | 3 4 5 6 8 11 12 | 12.9
Translocations | 2 3 |  3.1
Shields        | 2 3 5 7 8 10 11 | 11.2
Ice Magic      | 6 |  6.5
Stealth        | |  1.8

Action                   |  1- 3 |  4- 6 |  7- 9 | 10-12 | 13-15 | 16-18 | 19-21 | 22-24 || total
-------------------------+-------+-------+-------+-------+-------+-------+-------+-------++-------
Melee: Unarmed           |       |     2 |       |       |       |       |       |       ||     2
       Staff             |       |       |     9 |     7 |    30 |    13 |    21 |     5 ||    85
       Whip              |       |       |       |       |       |     3 |       |       ||     3
Throw: Throwing net      |       |       |     1 |     2 |       |       |       |       ||     3
       Dart              |       |       |       |     3 |     9 |       |     2 |       ||    14
 Cast: Foxfire           |    61 |    91 |   152 |   434 |   586 |    46 |     3 |     1 ||  1374
       Scorch            |     6 |    22 |    47 |   122 |   223 |    94 |   144 |    58 ||   716
       Conjure Flame     |       |       |    10 |    16 |    27 |     8 |       |       ||    61
       Flame Wave        |       |       |     2 |    31 |    69 |     5 |     7 |     1 ||   115
       Inner Flame       |       |       |       |    13 |    51 |    57 |    22 |    13 ||   156
       Stone Arrow       |       |       |       |    10 |    76 |    26 |    11 |    13 ||   136
       Apportation       |       |       |       |     3 |     7 |     7 |    27 |     2 ||    46
       Iskenderun's Myst |       |       |       |       |    78 |    60 |    43 |    13 ||   194
       Starburst         |       |       |       |       |    58 |   279 |   406 |   106 ||   849
       Irradiate         |       |       |       |       |    14 |    80 |    53 |    26 ||   173
       Sticky Flame      |       |       |       |       |       |       |    50 |     7 ||    57
       Magic Dart        |       |       |       |       |       |       |     9 |       ||     9
       Ozocubu's Refrige |       |       |       |       |       |       |       |    13 ||    13
       Orb of Destructio |       |       |       |       |       |       |       |     4 ||     4
       Fireball          |       |       |       |       |       |       |       |     1 ||     1
Invok: Curse Item        |       |       |     3 |     3 |     4 |     1 |     4 |       ||    15
       Shatter the Chain |       |       |       |     1 |     2 |     1 |     1 |     2 ||     7
Evoke: Wand              |       |     3 |    17 |    23 |    32 |    10 |    21 |     8 ||   114
       Phantom mirror    |       |       |       |       |       |       |     4 |     1 ||     5
  Use: Scroll            |       |       |     6 |     3 |    14 |     8 |     7 |    10 ||    48
Armor: Robe              |       |    12 |    12 |    38 |    90 |    64 |    56 |     8 ||   280
Dodge: Dodged            |     4 |    27 |    39 |   144 |   365 |   124 |   234 |    86 ||  1023
Block: Buckler           |       |     2 |    14 |    36 |   155 |    16 |       |       ||   223
       Kite shield       |       |       |       |       |       |    59 |   232 |    63 ||   354
       Reflection        |       |       |       |       |       |    16 |    15 |     8 ||    39
